 Seeded DCSS version 0.29.1-14-g9c671dbff4 (webtiles) character file.

Game seed: 20230211 (custom seed)

7 ueste the Caller (level 2, 0/19 HPs)
             Began as a Merfolk Summoner on Feb 14, 2023.
             Slain by a hobgoblin (4 damage)
             ... on level 1 of the Dungeon.
             The game lasted 00:01:58 (125 turns).

ueste the Caller (Merfolk Summoner)                  Turns: 125, Time: 00:01:58

Health: 0/19       AC:  2    Str:  8    XL:     2   Next: 0%
Magic:  2/5        EV: 13    Int: 14    God:
Gold:   0          SH:  0    Dex: 14    Spells: 4/5 levels left

rFire   . . .      SeeInvis .   c - +0 dagger
rCold   . . .      Faith    .   (no shield)
rNeg    . . .      Spirit   .   a - +0 robe
rPois   .          Reflect  .   (no helmet)
rElec   .          Harm     .   (no cloak)
rCorr   .          Rampage  .   (no gloves)
Will    .....                   (no boots)
Stlth   ++........              (no amulet)
HPRegen 0.06/turn               (no ring)
MPRegen 0.09/turn               (no ring)

@: no status effects
A: (nimble swimmer 2), mertail
a: no special abilities


You were on level 1 of the Dungeon.
You visited 1 branch of the dungeon, and saw 1 of its levels.

Inventory:

Hand Weapons
 c - a +0 dagger (weapon)
Missiles
 d - 5 stones
Armour
 a - a +0 robe (worn)
Potions
 b - a potion of magic


   Skills:
 + Level 2.9 Dodging
 + Level 2.4 Stealth
 + Level 2.1 Spellcasting
 + Level 4.1 Summonings


You had 4 spell levels left.
You knew the following spells:

 Your Spells              Type           Power      Damage    Failure   Level
a - Summon Small Mammal   Summ           48%        N/A       4%          1

Your spell library contained the following spells:

 Spells                   Type           Power      Damage    Failure   Level
 Call Imp                 Summ           12%        N/A       7%          2
 Call Canine Familiar     Summ           12%        N/A       13%         3
 Summon Guardian Golem    Hex/Summ       7%         N/A       30%         3
 Summon Lightning Spire   Summ/Air       7%         N/A       69%         4


Dungeon Overview and Level Annotations

Branches:
Dungeon (1/15)

Altars:


Innate Abilities, Weirdness & Mutations

((You are very nimble when in or above water. (Stealth+, EV+, Speed+++)))
Your lower body shifts to a powerful aquatic tail in water.


Message History

Your bat hits the endoplasm.
Your bat barely misses the endoplasm.
The endoplasm hits you.
You hit the endoplasm.
The endoplasm is moderately wounded.
Your bat hits the endoplasm but does no damage.
The hobgoblin barely misses your bat.
Your bat hits the endoplasm. The endoplasm freezes you.
You are frozen.
Your bat hits the endoplasm but does no damage.
You hit the endoplasm but do no damage.
The endoplasm is heavily wounded.
Your bat barely misses the endoplasm. x2
The endoplasm freezes you.
You are frozen.
* * * LOW HITPOINT WARNING * * *
You swap places.
Your bat hits the endoplasm.
Your bat completely misses the endoplasm.
The endoplasm closely misses your bat.
You swap places.
Your bat hits the endoplasm but does no damage.
Your bat barely misses the hobgoblin.
Your bat hits the hobgoblin but does no damage.
The endoplasm closely misses your bat.
Your bat hits the endoplasm but does no damage.
Your bat hits the hobgoblin. Your bat hits the endoplasm.
Your bat completely misses the endoplasm.
The endoplasm jiggles.
The endoplasm hits your bat.
Your bat hits the endoplasm.
The endoplasm dies!
You have reached level 2!
The hobgoblin attacks as you move away! The hobgoblin barely misses you.
Your bat barely misses the hobgoblin.
Your bat hits the hobgoblin but does no damage.
Your bat disappears in a puff of smoke!
Your bat misses the hobgoblin.
Casting: Summon Small Mammal (safe; 4% risk of failure)
Confirm with . or Enter, or press ? or * to list all spells.
Your bat barely misses the hobgoblin.
The hobgoblin hits you.
You die...

##.........# #.##
##.##.....# #.#
#..#.....# ...
##.#.....# ....
#)#.....# ......
#..###### ####...
####....####
#.......#...
#.bg@.......
######.......#...
#......r.....# .#
#............# #
#........†...#
#)...........#
..........#.......#
.....####.#.......#
.... ..#.......#


You could see a hobgoblin (ally target), a friendly bat (summoned) and a
friendly rat (summoned).

Vanquished Creatures
  A kobold (D:1)
1 creature vanquished.

Vanquished Creatures (collateral kills)
  2 endoplasms (D:1)
  2 goblins (D:1)
  A ball python (D:1)
5 creatures vanquished.

Grand Total: 6 creatures vanquished

Notes
Turn   | Place    | Note
-------+----------+-------------------------------------------
     0 | D:1      | ueste the Merfolk Summoner began the quest for the Orb.
     0 | D:1      | Reached XP level 1. HP: 13/13 MP: 3/3
   122 | D:1      | Reached XP level 2. HP: 4/19 MP: 3/5
   125 | D:1      | Slain by a hobgoblin

Illustrated notes

Levels and vault maps discovered:
D:1:      reono_arrival_mine, layout_basic, basic_ecumenical_altar,
          serial_shops, nicolae_lakefront_shop, minmay_split_cup_large

Action                   || total
-------------------------++-------
Melee: Dagger            ||     3
       Unarmed           ||     2
 Cast: Summon Small Mamm ||     8
Dodge: Dodged            ||     3
